 Dungeon Crawl Stone Soup version 0.25.1-2-g60ff931df9 (webtiles) character file.

Game seed: 10654869277075384040

34 Mitsuki the Skirmisher (level 3, 0/32 (33) HPs)
             Began as a Ghoul Monk on Aug 4, 2020.
             Slain by an adder (5 damage)
             ... on level 2 of the Dungeon.
             The game lasted 00:02:12 (1138 turns).

Mitsuki the Skirmisher (Ghoul Monk)                 Turns: 1138, Time: 00:02:12

HP:   0/32 (33)     AC:  3    Str: 14    XL:     3   Next: 31%
MP:   2/2           EV:  9    Int:  5    God:
Gold: 68            SH:  0    Dex: 12    Spells: 2/2 levels left

rFire    . . .     SeeInvis .     - Unarmed
rCold    + . .     Gourm    .   (no shield)
rNeg     + + +     Faith    .   a - +1 robe
rPois    ∞         Spirit   .   (no helmet)
rElec    .         Reflect  .   (no cloak)
rCorr    .         Harm     .   (no gloves)
MR       .....                  (no boots)
Stlth    ++........             (no amulet)
HPRegen  0.00/turn              g - -4 ring of evasion (curse)
MPRegen  0.08/turn              (no ring)

@: rotting
A: rotting body, claws 1, carnivore, cold resistance 1, negative energy
resistance 3, inhibited regeneration, torment resistance, unbreathing
a: no special abilities


You were on level 2 of the Dungeon.
You were not hungry.

You visited 1 branch of the dungeon, and saw 2 of its levels.

You collected 68 gold pieces.

Inventory:

Armour
 a - a +1 robe (worn)
Jewellery
 g - a cursed -4 ring of evasion (left claw)
Scrolls
 i - a scroll of enchant weapon {unknown}
 j - 3 scrolls of identify {unknown}
Potions
 c - a potion of ambrosia {unknown}
 d - a potion of might {unknown}
 e - a potion of flight {unknown}
 f - a potion of degeneration {unknown}
 h - a potion of mutation {unknown}
Comestibles
 b - 2 rations


   Skills:
 + Level 4.1 Fighting
 - Level 2.6 Dodging
 - Level 2.1 Stealth
 + Level 4.1 Unarmed Combat


You had 2 spell levels left.
You didn't know any spells.
Your spell library was empty.

Dungeon Overview and Level Annotations

Branches:
Dungeon (2/15)

Altars:
Ashenzari


Innate Abilities, Weirdness & Mutations

Your body is rotting away.
You thrive on raw meat.
You are immune to poison.
You have sharp fingernails.
You are carnivorous and can eat meat at any time.
Your flesh is cold resistant. (rC+)
You are immune to negative energy. (rN+++)
You do not regenerate when monsters are visible.
You are immune to unholy pain and torment.
You can survive without breathing.


Message History

You closely miss the adder. The adder barely misses you.
The crimson imp hits you.
You take 2 damage, and have 12/32 hp.
You closely miss the adder. The adder barely misses you.
The adder closely misses you.
You barely miss the adder. The crimson imp closely misses you.
The adder bites you.
You take 1 damage, and have 11/32 hp.
You miss the adder. The crimson imp barely misses you. The adder misses you.
You scratch the adder.
The adder is lightly wounded.
The crimson imp hits you.
* * * LOW HITPOINT WARNING * * *
The adder bites you.
* * * LOW HITPOINT WARNING * * *
You take 6 damage, and have 5/32 hp.
The crimson imp blinks!
The adder barely misses you. The adder completely misses you.
You closely miss the adder. The adder bites you.
You die...

#.#####.#.#####.........
#.# #.#.# #.........
#.#####.#.# #.........
##....(..#.#####.........
....................5....
###.####.#.#####.........
#.# #.#.# #.†....... #.#
#.#.# #.S....... # #.#
##...# #@?.......
###.###.#..#####.........
...>....................#
#######.#..###########...
# #.#.....# ... #
#.#...#.### ..
#######...........
..................
#######.##..#.##.#


You could see a crimson imp and an adder.

Vanquished Creatures
  An adder (D:2)
  A worm (D:2)
  A dart slug (D:2)
  5 bats
  2 hobgoblins
  A quokka (D:2)
  A frilled lizard (D:2)
  2 goblins
  3 kobolds (D:1)
  4 rats
21 creatures vanquished.

Notes
Turn   | Place    | Note
-------+----------+-------------------------------------------
     0 | D:1      | Mitsuki the Ghoul Monk began the quest for the Orb.
     0 | D:1      | Reached XP level 1. HP: 19/19 MP: 0/0
   230 | D:1      | Found a shattered altar of Ashenzari.
   410 | D:1      | Reached XP level 2. HP: 10/26 MP: 1/1
   816 | D:2      | Reached XP level 3. HP: 28/33 MP: 2/2
  1138 | D:2      | Slain by an adder

Illustrated notes

Levels and vault maps discovered:
D:1:      tarquinn_simple_flora_water_d, layout_basic, evilmike_ruin_ashenzari
D:2:      layout_basic

Skill      XL: |  1  2 |
---------------+-------+-----
Fighting       | 4 |  4.1
Unarmed Combat | 4 |  4.1
Dodging        | |  2.6
Stealth        | |  2.1

Action                   || total
-------------------------++-------
Melee: Unarmed           ||    73
       Punch             ||     1
  Use: Scroll            ||     1
 Stab: Sleeping          ||     4
  Eat: Chunk             ||     8
Armor: Robe              ||    18
Dodge: Dodged            ||    45
